 Dungeon Crawl Stone Soup version 0.25.0-46-gbd7b0854d2 (webtiles) character file.

Game seed: 13709643246821982034

2459 Curus the Carver (level 9, 0/71 HPs)
             Began as a Minotaur Gladiator on July 14, 2020.
             Was a Follower of Makhleb.
             Killed from afar by a lava snake (6 damage)
             ... with a glob of lava
             ... on level 7 of the Dungeon.
             The game lasted 00:25:28 (8796 turns).

Curus the Carver (Minotaur Gladiator)               Turns: 8796, Time: 00:25:29

Health: 0/71       AC:  7    Str: 18    XL:     9   Next: 26%
Magic:  8/8        EV: 13    Int:  7    God:    Makhleb [*.....]
Gold:   205        SH:  6    Dex: 14    Spells: 8/8 levels left

rFire    . . .     SeeInvis .   q - +1 scimitar
rCold    . . .     Gourm    .   w - +3 warlock's mirror {reflect}
rNeg     . . .     Faith    .   b - +3 leather armour
rPois    .         Spirit   .   c - +1 hat
rElec    .         Reflect  +   (no cloak)
rCorr    .         Harm     .   (no gloves)
MR       .....                  (no boots)
Stlth    ++........             (no amulet)
HPRegen  0.21/turn              e - ring of stealth
MPRegen  0.11/turn              (no ring)

@: no status effects
A: retaliatory headbutt, horns 2
a: Renounce Religion


You were on level 7 of the Dungeon.
You worshipped Makhleb.
Makhleb was aware of your devotion.
You were not hungry.

You visited 2 branches of the dungeon, and saw 9 of its levels.

You collected 361 gold pieces.
You spent 156 gold pieces at shops.

Inventory:

Hand Weapons
 a - a +0 long sword
 q - a +1 scimitar (weapon)
 s - a +4 great sword of freezing
Missiles
 d - 5 throwing nets (quivered)
Armour
 b - a +3 leather armour (worn)
 c - a +1 hat (worn)
 m - a -2 ring mail
 v - a +0 leather armour
 w - the +3 warlock's mirror (worn) {reflect}
   (You found it on level 7 of the Dungeon)
Jewellery
 e - a ring of stealth (left hand)
 n - the ring of Tokhurao {MR+ Dex+4 Slay-6}
   (You found it on level 5 of the Dungeon)

   [ring of protection from magic]

   It affects your dexterity (+4).
   It affects your accuracy and damage with ranged weapons and melee attacks
   (-6).
   It affects your resistance to hostile enchantments.
Wands
 p - a wand of acid (31)
Scrolls
 g - 8 scrolls of identify
 h - 4 scrolls of remove curse
 i - 5 scrolls of teleportation
 j - 3 scrolls of immolation
 k - a scroll of fear
 u - a scroll of magic mapping
 x - a scroll of fog
Potions
 l - a potion of degeneration
 o - 2 potions of haste
 r - 3 potions of curing
 t - a potion of berserk rage
Comestibles
 f - 19 rations


   Skills:
 + Level 4.0 Fighting
 - Level 14.0 Long Blades
 - Level 2.0 Throwing
 + Level 4.4 Dodging


You had 8 spell levels left.
You didn't know any spells.
Your spell library was empty.

Dungeon Overview and Level Annotations

Branches:
Dungeon (8/15)             Temple (1/1) D:5
   Lair: D:8-11

Altars:
Ashenzari
Dithmenos
Fedhas
Gozag
Hepliaklqana
Makhleb
Nemelex Xobeh
Okawaru
Qazlal
Sif Muna
Trog
Uskayaw
Wu Jian
Xom
Yredelemnul

Shops:
D:6 !   D:7 [!(   D:8 :(


Innate Abilities, Weirdness & Mutations

You reflexively headbutt those who attack you in melee.
You have a pair of horns on your head.


Message History

The lava snake spits lava at you. The glob of lava hits you!
You see here 16 gold pieces.
You now have 205 gold pieces (gained 16).
The lava snake spits lava at you. The glob of lava misses you.
The lava snake spits lava at you. The glob of lava misses you.
The lava snake spits lava at you.
Your +3 warlock's mirror {reflect} reflects the glob of lava!
The glob of lava hits the lava snake!
The lava snake partially resists.
The lava snake spits lava at you. The glob of lava hits you!!
* * * LOW HITPOINT WARNING * * *
The lava snake spits lava at you. The glob of lava hits you!
* * * LOW HITPOINT WARNING * * *
The lava snake spits lava at you. The glob of lava hits you.
You die...

####.##.##.###§≈≈..§≈≈###
#..........##§≈§≈..≈≈§≈##
#.#.###.####≈≈≈≈≈..≈S≈≈§#
#.#.#...###≈≈§§§≈..≈§§≈≈§
#.#.....##≈§§§§§≈..≈≈≈≈§§
#.......#§§§§≈§§§..≈≈≈≈≈§
###.....#§§§S§§§§..≈≈≈≈§§
#.....#≈§≈S§≈§#..#§§§≈§
#.###.@.....§§§≈§...)..
###'###.'.....(..≈≈......
#..<..###SSS≈≈≈§#§§#§≈≈≈§
#.......#§≈≈≈≈§≈≈§.≈≈§§≈§
#......##§≈≈§§§§≈§.§§≈≈≈≈
#......###≈≈≈≈§≈≈..§§≈≈≈≈
#....#.# ##≈≈≈≈§≈..≈≈≈≈≈≈
#.##.#.# ##≈§≈§§§.§≈§§§#
#.##...# **≈≈≈≈..≈§≈≈##


You could see 5 lava snakes.

Vanquished Creatures
  Sigmund (D:6)
  2 orc warriors (D:8)
  A black bear (D:7)
  4 ogres
  A sky beast (D:6)
  2 ice beasts
  A centaur (D:6)
  3 scorpions
  A killer bee (D:8)
  5 wights (D:6)
  3 howler monkeys
  A jelly (D:6)
  3 hounds
  5 orc wizards
  3 orc priests
  A bullfrog skeleton (D:5)
  4 iguanas
  3 worker ants
  A killer bee zombie (D:8)
  2 worker ant zombies (D:5)
  Robin (D:4)
  2 howler monkey skeletons
  3 adders
  3 gnolls
  A shadow imp (D:5)
  An adder skeleton (D:5)
  2 adder zombies (D:5)
  5 dart slugs
  7 leopard geckos
  21 orcs
  2 ball pythons
  7 bats
  3 giant cockroaches
  14 goblins
  5 hobgoblins
  3 jackals (D:7)
  9 kobolds
  A quokka (D:3)
  A frilled lizard (D:3)
  A jackal skeleton (D:4)
  5 rats
144 creatures vanquished.

Vanquished Creatures (others)
  An orc (D:8)
1 creature vanquished.

Grand Total: 145 creatures vanquished

Notes
Turn   | Place    | Note
-------+----------+-------------------------------------------
     0 | D:1      | Curus the Minotaur Gladiator began the quest for the Orb.
     0 | D:1      | Reached XP level 1. HP: 18/18 MP: 0/0
   193 | D:1      | Reached skill level 4 in Long Blades
   358 | D:1      | Reached XP level 2. HP: 25/25 MP: 1/1
   987 | D:2      | Reached skill level 5 in Long Blades
  1018 | D:2      | You fall into a shaft and drop 2 floors!
  1024 | D:4      | Reached XP level 3. HP: 23/30 MP: 2/2
  1026 | D:4      | Reached skill level 6 in Long Blades
  1026 | D:4      | Reached XP level 4. HP: 28/37 MP: 3/3
  1313 | D:3      | Found a blossoming altar of Fedhas.
  1399 | D:2      | Reached skill level 7 in Long Blades
  1399 | D:2      | Reached XP level 5. HP: 26/42 MP: 4/4
  3210 | D:4      | Reached skill level 8 in Long Blades
  3291 | D:4      | Noticed Robin
  3310 | D:4      | Killed Robin
  3310 | D:4      | Reached XP level 6. HP: 18/50 MP: 5/5
  3794 | D:5      | Entered Level 5 of the Dungeon
  3798 | D:5      | Got a scorched glass ring
  3799 | D:5      | Identified the ring of Tokhurao {MR+ Dex+4 Slay-6} (You
                  | found it on level 5 of the Dungeon)
  4037 | D:5      | Reached skill level 9 in Long Blades
  4088 | D:5      | Reached XP level 7. HP: 56/56 MP: 6/6
  4099 | D:5      | Reached skill level 10 in Long Blades
  4155 | D:5      | Found a staircase to the Ecumenical Temple.
  4176 | Temple   | Entered the Ecumenical Temple
  4190 | Temple   | Became a worshipper of Makhleb the Destroyer
  4346 | D:5      | Found a bloodstained altar of Trog.
  4394 | D:5      | Found an ornate altar of the Wu Jian Council.
  4872 | D:6      | Reached skill level 11 in Long Blades
  4876 | D:6      | Reached XP level 8. HP: 29/62 MP: 7/7
  4885 | D:6      | Noticed Sigmund
  4899 | D:6      | Killed Sigmund
  4899 | D:6      | Reached skill level 12 in Long Blades
  5214 | D:6      | Found Moas's Distillery.
  5227 | D:6      | Bought a potion of curing for 36 gold pieces
  5227 | D:6      | Bought a potion of heal wounds for 60 gold pieces
  5227 | D:6      | Bought a potion of berserk rage for 60 gold pieces
  5288 | D:6      | HP: 1/62 [wight/cursed +4 great sword of freezing (4)]
  5791 | D:6      | HP: 3/62 [wight/+5 spear of freezing (1)]
  6173 | D:6      | Reached skill level 13 in Long Blades
  6292 | D:6      | Found a basalt altar of Yredelemnul.
  6295 | D:6      | Found a hide-covered altar of Uskayaw.
  6457 | D:6      | Found an iron altar of Okawaru.
  6498 | D:6      | Found a stormy altar of Qazlal.
  6744 | D:7      | Found a hazy altar of Hepliaklqana.
  6758 | D:7      | Found Xuliomp's Antique Armour Emporium.
  7191 | D:7      | Found Adwaegom's Distillery.
  7267 | D:7      | Found Ucukhot's Weapon Shop.
  7269 | D:7      | Found the +3 warlock's mirror {reflect}
  7579 | D:7      | Found a shadowy altar of Dithmenos.
  7805 | D:8      | Found Jumett's Book Boutique.
  7814 | D:8      | Reached XP level 9. HP: 55/68 MP: 8/8
  7842 | D:8      | Reached * piety under Makhleb
  7900 | D:8      | Reached skill level 14 in Long Blades
  8210 | D:8      | Found Evesam's Weapon Emporium.
  8796 | D:7      | Killed from afar by a lava snake

Illustrated notes

Levels and vault maps discovered:
D:1:      scummos_arrival_star, layout_basic, serial_glass, glass_columns_a,
          glass_columns_c
D:2:      layout_rooms
D:3:      layout_basic, fedhas_ov_isle_minmay
D:4:      layout_basic, nicolae_overflow_hidden_temple, first_ration, uniq_robin
D:5:      layout_basic, bloody_trog, nicolae_overflow_crystal_walls,
          minmay_temple_entry_statues_fountains
D:6:      layout_gridville, kennysheep_mini_moat, minitemple, basic_altar,
          serial_shops, shop, uniq_sigmund
D:7:      kennysheep_big_flooded_room, layout_basic, old_standard_altar,
          nicolae_dithmenos_through_a_glass_darkly, serial_shops, shop,
          nicolae_shop_crystal, shop
D:8:      layout_loops_ring, serial_shops, nicolae_shop_behind_doors, shop,
          shop, shop, shop, hangedman_little_slice_of_home
Temple:   eino_temple_water

Skill      XL: |  1  2  3  4  5  6  7  8  9 |
---------------+----------------------------+-----
Long Blades    | 4 5 6 7 8 9 11 13 14 | 14.0
Fighting       | 4 |  4.0
Dodging        | 4 |  4.4
Throwing       | |  2.0

Action                   |  1- 3 |  4- 6 |  7- 9 || total
-------------------------+-------+-------+-------++-------
Melee: Long sword        |    31 |   124 |       ||   155
       Headbutt          |     9 |    25 |    36 ||    70
       Scimitar          |       |    11 |   142 ||   153
       Great sword       |       |       |    31 ||    31
  Use: Scroll            |     5 |     5 |     5 ||    15
       Potion            |     2 |     2 |     3 ||     7
 Stab: Sleeping          |     1 |     4 |     1 ||     6
       Distracted        |       |     2 |     1 ||     3
  Eat: Chunk             |       |    10 |     9 ||    19
       Ration            |       |       |     2 ||     2
Armor: Leather armour    |     9 |    28 |    32 ||    69
Dodge: Dodged            |    22 |   106 |    81 ||   209
Block: Buckler           |       |       |     6 ||     6
       Reflection        |       |       |     2 ||     2
       Rpst.: Long sword |    10 |    29 |       ||    39
       Scimitar          |       |     3 |    12 ||    15
       Great sword       |       |       |     5 ||     5
